 Dungeon Crawl Stone Soup version 0.28.0-49-g6dfe1f597d (webtiles) character file.

Game seed: 5777358257475664779

4858 Revguard the Sneak (level 10, -8/56 HPs)
             Began as a Deep Elf Conjurer on May 11, 2022.
             Was a Believer of Kikubaaqudgha.
             Mangled by a cyan ugly thing (12 damage)
             ... on level 9 of the Dungeon.
             The game lasted 00:51:21 (14192 turns).

Revguard the Sneak (Deep Elf Conjurer)             Turns: 14192, Time: 00:51:22

Health: -8/56      AC:  5    Str:  6    XL:     10   Next: 25%
Magic:  15/31      EV: 14    Int: 32    God:    Kikubaaqudgha [**....]
Gold:   558        SH:  5    Dex: 13    Spells: 2/23 levels left

rFire   . . .      SeeInvis .   A - +2 dagger (venom)
rCold   . . .      Faith    .   (no shield)
rNeg    . . .      Spirit   .   a - +0 robe
rPois   .          Reflect  +   c - +0 helmet
rElec   .          Harm     .   e - +0 cloak
rCorr   .          Rampage  .   (no gloves)
Will    +....                   h - +0 pair of boots
Stlth   +++.......              j - amulet of reflection
HPRegen 0.18/turn               s - +6 ring of intelligence
MPRegen 0.22/turn               v - ring of magical power

@: no status effects
A: clever 1, clumsy 1
a: Renounce Religion, Receive Corpses


You were on level 9 of the Dungeon.
You worshipped Kikubaaqudgha.
Kikubaaqudgha was pleased with you.
You visited 2 branches of the dungeon, and saw 10 of its levels.

You collected 558 gold pieces.

Inventory:

Hand Weapons
 n - a +1 dagger of venom
 A - a +2 dagger of venom (weapon)
Missiles
 k - a throwing net
Armour
 a - a +0 robe (worn)
 c - a +0 helmet (worn)
 e - a +0 cloak (worn)
 h - a +0 pair of boots (worn)
Jewellery
 g - an amulet of the acrobat
 j - an amulet of reflection (around neck)
 m - an amulet of faith
 s - a +6 ring of intelligence (left hand)
 v - a ring of magical power (right hand)
Wands
 p - a wand of polymorph (5)
 q - a wand of iceblast (28)
 u - a wand of mindburst (8)
Scrolls
 d - a scroll of magic mapping
 t - a scroll of blinking
 w - a scroll of identify
 x - a scroll of teleportation
 y - a scroll of noise {unknown}
Potions
 b - a potion of ambrosia
 i - 3 potions of flight
 l - 2 potions of haste
 o - 2 potions of cancellation
 r - 2 potions of brilliance
 z - a potion of resistance


   Skills:
 + Level 3.9 Fighting
 + Level 4.6 Short Blades
 + Level 3.7 Armour
 + Level 6.4 Dodging
 + Level 7.3 Stealth
 + Level 7.0 Spellcasting
 + Level 6.8 Conjurations
 + Level 5.8 Hexes
 * Level 7.0 Necromancy
 - Level 0.8 Air Magic


You had 2 spell levels left.
You knew the following spells:

 Your Spells              Type           Power      Damage    Failure   Level
a - Iskenderun's Battles  Conj           53%        2d10      7%          5
b - Searing Ray           Conj           100%       2d8       1%          2
c - Corpse Rot            Necr/Air       72%        N/A       1%          2
d - Fulminant Prism       Conj/Hex       25%        3d14      3%          4
e - Dispel Undead         Necr           54%        3d20      2%          4
f - Anguish               Hex/Necr       25%        N/A       3%          4

Your spell library contained the following spells:

 Spells                   Type           Power      Damage    Failure   Level
 Animate Skeleton         Necr           100%       N/A       1%          1
 Magic Dart               Conj           100%       1d8       1%          1
 Pain                     Necr           100%       1d9       1%          1
 Sublimation of Blood     Necr           54%        N/A       1%          2
 Poisonous Vapours        Pois/Air       28%        N/A       5%          2
 Confusing Touch          Hex            48%        N/A       1%          3
 Dazzling Flash           Conj/Hex       100%       N/A       1%          3
 Conjure Flame            Conj/Fire      33%        6-21      3%          3
 Iskenderun's Mystic Bla  Conj/Tloc      33%        2d8       10%         4
 Sticky Flame             Conj/Fire      33%        2d5       10%         4
 Ignite Poison            Fire/Tmut/Pois 11%        N/A       12%         3
 Fireball                 Conj/Fire      16%        3d8       28%         5
 Metabolic Englaciation   Hex/Ice        15%        N/A       34%         5
 Yara's Violent Unravell  Hex/Tmut       15%        3d8       34%         5
 Death Channel            Necr           27%        N/A       34%         6
 Conjure Ball Lightning   Conj/Air       18%        3x3d6     78%         6
 Orb of Destruction       Conj           26%        9d9       91%         7
 Enfeeble                 Hex            24%        N/A       97%         7


Dungeon Overview and Level Annotations

Branches:
Dungeon (9/15)             Temple (1/1) D:5            Lair (0/6) D:8
    Orc: D:9-12

Altars:
Ashenzari
Cheibriados
Dithmenos
Elyvilon
Fedhas
Gozag
Hepliaklqana
Kikubaaqudgha
Makhleb
Nemelex Xobeh
Okawaru
Qazlal
Ru
Sif Muna
Trog
Uskayaw
Vehumet
Wu Jian
Xom
Yredelemnul
Zin
The Shining One

Shops:
D:3 :   D:4 (

Annotations:
D:5 3 runed translucent doors, 101zpm's ghost, amateur DjFE; Mindmass's ghost, amateur HOMo; Voldus's ghost, amateur MiFi; krakenhh's ghost, novice MfSu


Innate Abilities, Weirdness & Mutations

Your mind is acute. (Int +2)
You are clumsy. (Dex -2)


Message History

Press: ? - help, Dir - move target
As you read the scroll of blinking, it crumbles to dust.
Casting: Anguish (dangerous; 3% risk of failure)
Confirm with . or Enter, or press ? or * to list all spells.
The spell is quite dangerous to miscast (7% risk of failure)!
Continue anyway?
You conjure a globe of magical energy.
Casting: Iskenderun's Battlesphere (quite dangerous; 7% risk of failure)
Confirm with . or Enter, or press ? or * to list all spells.
Aiming: Searing Ray (safe; 1% risk of failure)
Press: ? - help, Shift-Dir - straight line, f - cyan ugly thing
Aim: a cyan ugly thing (severely wounded, very poisoned, anguished, 83% to hit)
Okay, then.
As you open the door, it creaks loudly!
There is an open door here.
Casting: Searing Ray (safe; 1% risk of failure)
Confirm with . or Enter, or press ? or * to list all spells.
Aiming: Searing Ray (safe; 1% risk of failure)
Press: ? - help, Shift-Dir - straight line, f - cyan ugly thing
Aim: a cyan ugly thing (severely wounded, very poisoned, anguished, 83% to hit)
The searing ray hits the troll!
The troll is lightly wounded.
The searing ray hits the cyan ugly thing!
The cyan ugly thing is almost dead. (Press . to maintain the ray.)
Your battlesphere fires!
The barrage of energy hits the cyan ugly thing.
The cyan ugly thing is almost dead.
The troll misses you. x2; The troll closely misses you.
The searing ray misses the cyan ugly thing.
Your battlesphere fires!
The barrage of energy hits the troll.
The troll is moderately wounded.
The troll bites you but does no damage. The troll claws you.
* * * LOW HITPOINT WARNING * * *
The troll is wracked by anguish.
The troll completely misses you. The cyan ugly thing pecks you.
* * * LOW HITPOINT WARNING * * *
The cyan ugly thing shocks you!
You die...
Kikubaaqudgha rasps: "You have failed me!
Welcome... death!"

##.'..#....#........ #..
#.'..#+####........ #..
#.#................ ###
#.#....##'#........ #
#####.####.+..#########
#
#........###...........
..
#.................*...
..
#.................####
.. #..............@..# #
#.....######...Tu.# .+
#.....#....#......# ..#
#.....#....#...#'##...#
#.....#....#...#......#
#.....#'####...#......##
#..............#.......#
#..............#.......#
#..............#...>...#


You could see a cyan ugly thing (very poisoned, anguished), a troll (ally
target, anguished) and a friendly battlesphere.

Vanquished Creatures
  A skeletal warrior (D:7)
  A hornet (D:9)
  Sigmund (D:6)
  2 wyverns
  2 vampire mosquitoes (D:7)
  2 acid dragons
  A water moccasin (D:7)
  A hornet zombie (D:9)
  An orc warrior (D:8)
  2 black bears
  A sky beast (D:8)
  2 ice beasts
  5 centaurs
  3 kobold brigands
  Blork the orc (D:6)
  3 bullfrogs
  A gnoll sergeant (D:7)
  3 scorpions
  A water moccasin skeleton (D:5)
  3 killer bees (D:9)
  2 howler monkeys (D:7)
  A centaur zombie (D:9)
  4 orc priests
  2 hounds (D:5)
  3 gnoll shamans
  Crazy Yiuf (D:2)
  A bullfrog skeleton (D:3)
  2 iguanas
  3 orc wizards
  A scorpion zombie (D:5)
  A killer bee zombie (D:3)
  A howler monkey zombie (D:8)
  19 gnolls
  11 adders
  2 white imps
  An adder skeleton (D:5)
  2 worms (D:2)
  A dart slug (D:1)
  25 orcs
  5 bats
  5 endoplasms
  3 giant cockroaches
  12 goblins
  4 hobgoblins
  7 jackals
  22 kobolds
  8 quokkas
  5 ball pythons
  5 rats
196 creatures vanquished.

Vanquished Creatures (others)
  An ice beast (D:8)
  A killer bee (D:9)
  An orc wizard (D:9)
  11 fulminant prisms
14 creatures vanquished.

Grand Total: 210 creatures vanquished

Notes
Turn   | Place    | Note
-------+----------+-------------------------------------------
     0 | D:1      | Revguard the Deep Elf Conjurer began the quest for the Orb.
     0 | D:1      | Reached XP level 1. HP: 10/10 MP: 6/6
   355 | D:1      | Reached XP level 2. HP: 15/15 MP: 5/8
   358 | D:1      | Learned a level 2 spell: Searing Ray
   834 | D:1      | Reached XP level 3. HP: 7/20 MP: 3/9
  1058 | D:1      | Learned a level 2 spell: Corpse Rot
  1569 | D:2      | Reached XP level 4. HP: 10/24 MP: 2/11
  1575 | D:2      | Reached skill level 1 in Short Blades
  1575 | D:2      | Reached skill level 1 in Necromancy
  1738 | D:2      | Learned a level 4 spell: Fulminant Prism
  2067 | D:2      | Reached skill level 1 in Fighting
  2805 | D:2      | Found a runed translucent door.
  2806 | D:2      | Identified the +8 mace "Edaraq" {flame, rElec Stlth+}
  2809 | D:2      | Noticed Crazy Yiuf
  3213 | D:3      | Reached XP level 5. HP: 29/29 MP: 12/12
  3221 | D:3      | Reached skill level 1 in Armour
  3225 | D:3      | HP: 1/29 [gnoll/+0 whip (7)]
  3735 | D:3      | Reached skill level 1 in Hexes
  3897 | D:3      | Found Qeqatorgh's Book Boutique.
  3936 | D:3      | Found a faded altar of an unknown god.
  4052 | D:3      | Found a broken altar of Ashenzari.
  4660 | D:3      | Reached XP level 6. HP: 34/34 MP: 14/14
  4751 | D:3      | Learned a level 4 spell: Dispel Undead
  5100 | D:2      | Killed Crazy Yiuf
  5101 | D:2      | Reached skill level 5 in Conjurations
  5320 | D:4      | Found Wynyol Neve's Antique Weapon Emporium.
  5913 | D:4      | Identified the +1 ring mail of the Ecumenical Temple {+Inv
                  | rElec rC+ rN+ Str-4}
  6413 | D:4      | Reached XP level 7. HP: 39/39 MP: 11/15
  6650 | D:5      | Entered Level 5 of the Dungeon
  6784 | D:5      | Found a staircase to the Ecumenical Temple.
  6806 | Temple   | Entered the Ecumenical Temple
  6854 | Temple   | Became a worshipper of Kikubaaqudgha
  7103 | D:5      | Found a runed translucent gate.
  7103 | D:5      | Found a runed translucent gate.
  7103 | D:5      | Found a runed translucent gate.
  7105 | D:5      | Noticed Mindmass's ghost (amateur HOMo)
  7105 | D:5      | Noticed 101zpm's ghost (amateur DjFE)
  7106 | D:5      | Noticed Voldus's ghost (amateur MiFi)
  7107 | D:5      | Noticed krakenhh's ghost (novice MfSu)
  7201 | D:5      | Reached skill level 5 in Stealth
  7214 | D:5      | You fall into a shaft and drop 1 floor!
  7214 | D:6      | Noticed Blork the orc
  7239 | D:6      | Killed Blork the orc
  7240 | D:6      | Reached XP level 8. HP: 30/44 MP: 7/17
  7365 | D:6      | Reached skill level 5 in Spellcasting
  7898 | D:6      | Noticed Sigmund
  7901 | D:6      | Killed Sigmund
  8345 | D:6      | Learned a level 5 spell: Iskenderun's Battlesphere
  8391 | D:7      | Found a sacrificial altar of Ru.
  8784 | D:7      | Got the Grimoire of Floating Beguiling
  8854 | D:7      | Reached skill level 5 in Dodging
  9185 | D:7      | Reached * piety under Kikubaaqudgha
  9185 | D:7      | Received a gift from Kikubaaqudgha
  9375 | D:7      | Reached XP level 9. HP: 49/49 MP: 19/19
  9396 | D:7      | Noticed a skeletal warrior
  9510 | D:7      | Reached skill level 5 in Necromancy
  9826 | D:7      | Killed a skeletal warrior
 10029 | D:7      | Reached skill level 5 in Hexes
 11218 | D:8      | Learned a level 4 spell: Anguish
 12008 | D:8      | Found a shimmering blue altar of Sif Muna.
 12131 | D:8      | Reached XP level 10. HP: 32/56 MP: 22/22
 12527 | D:8      | Found a staircase to the Lair.
 12673 | D:8      | Gained mutation: You passively map a small area around you.
                  | [potion of mutation]
 12674 | D:8      | Lost mutation: You passively map a small area around you.
                  | [potion of mutation]
 12674 | D:8      | Gained mutation: You are clumsy. (Dex -2) [potion of
                  | mutation]
 12674 | D:8      | Gained mutation: Your mind is acute. (Int +2) [potion of
                  | mutation]
 12769 | D:9      | Found a sparkling altar of Nemelex Xobeh.
 12877 | D:9      | Reached ** piety under Kikubaaqudgha
 14168 | D:9      | Noticed a cyan ugly thing
 14192 | D:9      | Mangled by a cyan ugly thing

Illustrated notes

Levels and vault maps discovered:
D:1:      psy_arrival_wood_between_worlds, layout_basic
D:2:      layout_loops_ring, uniq_crazy_yiuf_cottage
D:3:      kb_forest_paths, layout_basic, mainiacjoe_overflow_tiny_flanked,
          serial_shops, shop, hellmonk_ecumenical_altar_pennies_from_heaven
D:4:      layout_gridville, serial_shops, shop
D:5:      layout_basic, minmay_temple_entry_wispy, gammafunk_ghost_cemetery
D:6:      layout_basic, uniq_blork_the_orc, uniq_sigmund
D:7:      minmay_chambers_of_fours, layout_gridville, pf_just_have_faith,
          kennysheep_dice
D:8:      layout_basic, lemuel_round_altar, lair_entry_dummy,
          kennysheep_nondescript
D:9:      layout_irregular_city, marbit_many_paths
Temple:   nicolae_temple_no_exploring_needed

Skill      XL: |  1  2  3  4  5  6  7  8  9 10 |
---------------+-------------------------------+-----
Stealth        | 3 4 5 6 7 |  7.3
Dodging        | 3 4 5 6 |  6.4
Short Blades   | 1 2 3 4 |  4.6
Necromancy     | 1 2 3 4 6 7 |  7.0
Fighting       | 1 2 3 |  3.9
Armour         | 1 2 3 |  3.7
Hexes          | 1 2 3 4 5 |  5.8
Spellcasting   | 4 5 6 7 |  7.0
Conjurations   | 5 6 |  6.8
Air Magic      | |  0.8

Action                   |  1- 3 |  4- 6 |  7- 9 | 10-12 || total
-------------------------+-------+-------+-------+-------++-------
Melee: Dagger            |    38 |   121 |   118 |    36 ||   313
       Punch             |       |     2 |     2 |     1 ||     5
 Cast: Magic Dart        |    20 |    21 |     5 |       ||    46
       Searing Ray       |     8 |    31 |    33 |     5 ||    77
       Corpse Rot        |     2 |     3 |     9 |     2 ||    16
       Fulminant Prism   |       |     2 |     5 |     4 ||    11
       Dispel Undead     |       |       |     1 |     3 ||     4
       Iskenderun's Batt |       |       |     3 |     1 ||     4
       Anguish           |       |       |     3 |     6 ||     9
Evoke: Wand              |       |       |     1 |       ||     1
  Use: Potion            |       |     2 |     5 |     3 ||    10
       Scroll            |       |       |    15 |     3 ||    18
 Stab: Sleeping          |     1 |    12 |    11 |       ||    24
       Distracted        |       |       |     3 |       ||     3
Armor: Robe              |    13 |    41 |    37 |    10 ||   101
Dodge: Dodged            |    39 |   140 |   152 |    32 ||   363
Block: Other             |       |       |    18 |     6 ||    24
       Reflection        |       |       |     2 |       ||     2
